 Dungeon Crawl Stone Soup version 0.31.0-1-g2c135a0 (webtiles) character file.

Game seed: 12738589581395068771

110 jagoly the Trooper (level 4, -5/29 HPs)
             Began as a Gargoyle Monk on Feb 2, 2024.
             Slain by a gnoll sergeant
             ... wielding a +2 spear of freezing
              (7 damage)
             ... on level 5 of the Dungeon.
             The game lasted 00:05:17 (865 turns).

jagoly the Trooper (Gargoyle Monk)                   Turns: 865, Time: 00:05:18

Health: -5/29      AC:  8    Str: 17    XL:     4   Next: 91%
Magic:  4/4        EV:  6    Int: 10    God:
Gold:   147        SH:  0    Dex: 12    Spells: 3/3 levels left

rFire   . . .        a - +0 hand axe
rCold   . . .        d - orb {light}
rNeg    + . .        b - +0 robe
rPois   ∞            (no helmet)
rElec   +            (no cloak)
rCorr   .            f - +2 pair of gloves
SInv    .            (no boots)
Will    .....        (no amulet)
Stlth   +            (no ring)
HPRegen 0.24/turn    (no ring)
MPRegen 0.09/turn

%: no passive effects
@: held, glowing
A: sickness immunity, AC +3, negative energy resistance 1, electricity
resistance, torment resistance 1, petrification resistance
a: no special abilities


You were on level 5 of the Dungeon.
You visited 1 branch of the dungeon, and saw 5 of its levels.

You collected 147 gold pieces.

Inventory:

Hand Weapons
 a - a +0 hand axe (weapon)
 i - a +0 morningstar
Missiles
 e - 3 boomerangs (quivered)
 g - 28 stones
Armour
 b - a +0 robe (worn)
 d - an orb of light (worn)
 f - a +2 pair of gloves (worn)
Jewellery
 m - a ring of magical power
Scrolls
 h - 2 scrolls of vulnerability {unknown}
 k - a scroll of immolation {unknown}
 l - 3 scrolls of identify {unknown}
 n - a scroll of blinking {unknown}
Potions
 c - a potion of ambrosia
 j - a potion of enlightenment {unknown}


   Skills:
 + Level 3.9 Fighting
 * Level 3.7 Axes
 + Level 1.9 Armour
 + Level 2.9 Dodging


You had 3 spell levels left.
You didn't know any spells.
Your spell library contained the following spells:

 Spells                   Type           Power      Damage    Failure   Level
 Petrify                  Alch/Erth      0%         N/A       98%         4
 Irradiate                Conj/Alch      0%         3d11      100%        5
 Sublimation of Blood     Necr           Unusable   N/A       N/A         2

Dungeon Overview and Level Annotations

Branches:
Dungeon (5/15) Zot: 26962
 Temple: D:4-7

Altars:
Cheibriados
Nemelex Xobeh
Ru


Innate Abilities, Weirdness & Mutations

You are immune to sickness and miasma.
Your stone body is resilient. (AC +3)
You are immune to poison.
You resist negative energy. (rN+)
You are resistant to electric shocks. (rElec)
You are resistant to unholy torment.
You are immune to petrification.


Message History

You hit the jackal.
The jackal is moderately wounded.
The jackal closely misses you.
You barely miss the jackal.
The jackal is moderately wounded.
The jackal closely misses you. x2
You closely miss the jackal.
The jackal is moderately wounded.
The jackal bites you but does no damage.
You hit the jackal.
The jackal is almost dead.
The jackal bites you. The jackal barely misses you.
You hit the jackal.
You kill the jackal!
The jackal closely misses you.
You hit the jackal.
The jackal is severely wounded.
The jackal barely misses you.
You hit the jackal but do no damage.
The jackal is severely wounded.
The jackal bites you but does no damage.
The jackal completely misses you.
You hit the jackal.
You kill the jackal!
No target in view!
No target in view!
Found 19 gold pieces.
A jackal comes into view.
You see here 19 gold pieces.
You now have 44 gold pieces (gained 19).
The jackal completely misses you.
The jackal bites you but does no damage.
You hit the jackal.
The jackal is heavily wounded.
The jackal completely misses you.
You completely miss the jackal.
The jackal is heavily wounded.
The jackal barely misses you. x2
You barely miss the jackal.
The jackal is moderately wounded.
The jackal bites you but does no damage. x2
You hit the jackal.
You kill the jackal!
No target in view!
No target in view!
A kobold and a bat come into view.
The kobold shouts!
You barely miss the kobold. The kobold hits you but does no damage.
The bat misses you.
You barely miss the kobold. You barely miss the bat. The bat barely misses you.
The kobold hits you but does no damage.
A bombardier beetle comes into view.
The kobold hits you but does no damage.
You barely miss the kobold. The bat hits you but does no damage.
The kobold barely misses you.
You hit the kobold.
You kill the kobold!
The bat hits you but does no damage. The bat hits you but does no damage.
Things that are here:
a +0 dagger; a kobold corpse The bat hits you but does no damage.
You hit the bombardier beetle but do no damage.
The bat misses you. The bombardier beetle bites you.
You hit the bombardier beetle.
The bombardier beetle is lightly wounded.
The bat barely misses you. The bombardier beetle misses you.
You hit the bombardier beetle.
The bombardier beetle is moderately wounded.
The bat closely misses you. The bombardier beetle misses you.
You hit the bombardier beetle but do no damage.
The bombardier beetle is moderately wounded.
The bat closely misses you.
You hit the bombardier beetle but do no damage.
The bombardier beetle is moderately wounded.
The bat hits you.
The bombardier beetle closely misses you.
You hit the bombardier beetle.
The bombardier beetle is moderately wounded.
You hit the bat.
You kill the bat!
The bombardier beetle closely misses you.
You hit the bombardier beetle but do no damage.
The bombardier beetle is moderately wounded.
The bombardier beetle bites you but does no damage.
You hit the bombardier beetle.
The bombardier beetle is heavily wounded.
You hit the bombardier beetle but do no damage.
The bombardier beetle is heavily wounded.
The bombardier beetle completely misses you.
You hit the bombardier beetle.
The bombardier beetle is severely wounded.
The bombardier beetle bites you.
You hit the bombardier beetle but do no damage.
The bombardier beetle is severely wounded.
You hit the bombardier beetle.
You kill the bombardier beetle!
Your Armour skill increases to level 1!
You have reached level 3!
Your experience leads to an increase in your attributes!
Increase (S)trength, (I)ntelligence, or (D)exterity?
You feel stronger. x2
Things that are here:
a +0 dagger; a kobold corpse HP restored.
HP restored.
Found 8 stones.
g - 17 stones (gained 8)
Found a morningstar.
You see here a +0 morningstar.
i - a +0 morningstar
Found 12 gold pieces.
An endoplasm comes into view.
The endoplasm quivers.
Found a stone staircase leading down.
Found a stone staircase leading up.
You now have 56 gold pieces (gained 12).
There are no items here.
There is a stone staircase leading down here.
There is a stone staircase leading up here.
You climb upwards.
The adder hisses angrily.
The goblin shouts!
Found a sling.
Found an escape hatch in the ceiling.
There is a stone staircase leading down here.
The adder misses you. The adder bites you.
You hit the adder.
The adder is severely wounded.
The adder bites you but does no damage.
You closely miss the adder.
The adder is severely wounded.
The adder bites you but does no damage. The adder completely misses you.
You closely miss the adder.
The adder is severely wounded.
The adder misses you.
You closely miss the adder.
The adder is severely wounded.
You closely miss the goblin. The adder bites you but does no damage.
The goblin hits you but does no damage.
You hit the adder but do no damage.
The adder is severely wounded.
You closely miss the goblin. The adder bites you. The goblin barely misses you.
The adder closely misses you.
You slash the adder!
You kill the adder!
You hit the goblin but do no damage. The goblin barely misses you.
You have reached level 4!
You feel stronger.
You hit the goblin.
You kill the goblin!
No target in view!
No target in view!
No target in view!
No target in view!
There is an escape hatch in the ceiling here.
You open the door.
There is an open door here.
There is an escape hatch in the ceiling here.
HP restored.
A mysterious force pulls you upwards. The hatch slams shut behind you.
An endoplasm comes into view.
You slash the endoplasm!
You kill the endoplasm!
Found a dagger.
A rat comes into view.
The rat squeaks loudly.
You hear a shout!
A goblin comes into view. It is wielding a +0 club.
A frilled lizard comes into view.
The frilled lizard hisses angrily.
The goblin shouts!
A kobold comes into view. It is wielding a +0 whip.
The frilled lizard bites you but does no damage.
You hit the rat.
You kill the rat!
You hit the frilled lizard.
You kill the frilled lizard!
You hit the goblin. The goblin closely misses you.
A goblin comes into view. It is wielding a +0 dagger.
The goblin shouts!
You hit the goblin.
You kill the goblin!
A goblin comes into view. It is wielding a +0 club.
You barely miss the kobold.
The goblin shouts!
The kobold barely misses you.
You barely miss the kobold. The kobold closely misses you.
You barely miss the kobold. You closely miss the goblin.
The kobold hits you with a +0 whip.
You hit the goblin.
You kill the goblin!
You hit the kobold.
You kill the kobold!
You closely miss the goblin. The goblin closely misses you.
You slash the goblin!
You kill the goblin!
No target in view!
No target in view!
Press: ? - help, v - describe, . - travel, g - get item
Items here: a +0 whip; 4 stones.
The floor.
This square is lit by a halo.
g - 21 stones (gained 4)
You see here a +0 whip.
A malevolent force fills the Dungeon...
You fall into a shaft and drop 1 floor!
The shaft crumbles and collapses.
Found 10 gold pieces and a scroll labelled FOWAER OXUYSKAIM.
You now have 66 gold pieces (gained 10).
h - 2 scrolls labelled FOWAER OXUYSKAIM (gained 1)
A goblin comes into view. It is wielding a +0 dagger.
The goblin shouts!
You slash the goblin!
You kill the goblin!
No target in view!
No target in view!
Found a mace.
You see here a +0 mace.
Found a stone staircase leading down.
There is a stone staircase leading down here.
You climb downwards.
The ball python hisses angrily.
Found a short sword.
There is a stone staircase leading up here.
The ball python barely misses you. x2
You slash the ball python!
You kill the ball python!
No target in view!
An adder comes into view.
The adder hisses angrily.
The adder bites you but does no damage.
You hit the adder.
The adder is heavily wounded.
The adder bites you. x2
You hit the adder.
You kill the adder!
No target in view!
No target in view!
A bat comes into view.
The bat hits you but does no damage. The bat barely misses you.
You hit the bat.
You kill the bat!
No target in view!
No target in view!
Found a mace.
Found 16 gold pieces.
You now have 82 gold pieces (gained 16).
Found 9 gold pieces.
You now have 91 gold pieces (gained 9).
Found 12 gold pieces.
An endoplasm comes into view.
The endoplasm quivers.
An endoplasm is nearby!
You hit the endoplasm.
The endoplasm is lightly wounded.
The endoplasm hits you but does no damage.
You hit the endoplasm.
The endoplasm is moderately wounded.
The endoplasm barely misses you.
The endoplasm hits you but does no damage.
You hit the endoplasm.
You kill the endoplasm!
No target in view!
You now have 103 gold pieces (gained 12).
An orc comes into view. It is wielding a +0 whip.
The orc shouts!
The orc closely misses you.
You slash the orc!
You kill the orc!
No target in view!
No target in view!
Things that are here:
a +0 whip; an orc corpse
Found an amethyst potion.
A bat comes into view.
A bat is nearby!
Found a scroll labelled IGOXAILAUC.
The bat misses you.
Found 8 gold pieces.
The bat barely misses you. x2
You see here an amethyst potion.
j - an amethyst potion The bat barely misses you.
The bat hits you but does no damage.
You closely miss the bat. The bat barely misses you. x2
You hit the bat.
The bat is heavily wounded.
The bat barely misses you.
You hit the bat.
The bat is severely wounded.
The bat hits you but does no damage. x2
You hit the bat.
The bat is severely wounded.
The bat hits you but does no damage. The bat misses you.
You hit the bat.
You kill the bat!
k - a scroll labelled IGOXAILAUC A goblin comes into view.
It is wielding a +0 club.
The goblin shouts!
A kobold comes into view. It is wielding a +0 club.
The kobold shouts!
The kobold throws a stone.
The stone closely misses you.
You see here 8 gold pieces.
You now have 111 gold pieces (gained 8).
The kobold throws a stone.
The stone hits you but does no damage.
You hit the goblin.
The goblin is heavily wounded.
The goblin hits you but does no damage.
You hit the goblin.
The goblin is severely wounded.
The goblin hits you but does no damage.
The kobold throws a stone.
The stone barely misses you.
The stone misses the goblin.
You slash the goblin!
You kill the goblin!
The kobold throws a stone.
The stone hits you but does no damage.
Press: ? - help, v - describe, . - travel, g - get item
Items here: a +0 club; a goblin corpse.
The floor, spattered with blood.
This square is lit by a halo.
Found 3 scrolls labelled HIAWKI PUANAY.
The kobold throws a stone.
The stone hits you but does no damage.
Found 4 stones.
You hit the kobold.
You kill the kobold!
No target in view!
g - 24 stones (gained 3)
Things that are here:
a +0 club; a kobold corpse
Found 11 gold pieces and an encrusted moonstone ring.
l - 3 scrolls labelled HIAWKI PUANAY You now have 122 gold pieces (gained 11).
m - a ring of magical power A hobgoblin comes into view.
The hobgoblin shouts!
A hobgoblin is nearby!
You hit the hobgoblin.
The hobgoblin is lightly wounded.
The hobgoblin hits you but does no damage.
You hit the hobgoblin.
The hobgoblin is heavily wounded.
The hobgoblin misses you.
You barely miss the hobgoblin.
The hobgoblin is heavily wounded.
The hobgoblin closely misses you. The hobgoblin misses you.
You hit the hobgoblin.
You kill the hobgoblin!
You see here a hobgoblin corpse.
g - 28 stones (gained 4)
Things that are here:
a +0 club; a kobold corpse An adder comes into view.
An adder is nearby!
The adder hisses angrily.
You closely miss the adder. The adder bites you but does no damage.
The adder bites you.
You closely miss the adder. The adder bites you.
You barely miss the adder. The adder misses you. The adder bites you.
You hit the adder.
The adder is heavily wounded.
The adder misses you.
You completely miss the adder.
The adder is heavily wounded.
The adder barely misses you. x2
You hit the adder.
The adder is severely wounded.
The adder barely misses you.
You hit the adder.
You kill the adder!
No target in view!
You see here an adder corpse.
Found a ring mail.
Found a stone staircase leading down.
Found a scroll labelled ECHOSTRUMIWY.
The endoplasm quivers.
The endoplasm barely misses you.
Things that are here:
a scroll labelled ECHOSTRUMIWY; a blade talisman You hit the endoplasm.
The endoplasm is lightly wounded.
The endoplasm closely misses you.
You hit the endoplasm but do no damage.
The endoplasm is lightly wounded.
The endoplasm hits you but does no damage.
You hit the endoplasm.
The endoplasm is almost dead.
The endoplasm freezes you.
You are frozen.
You hit the endoplasm.
You kill the endoplasm!
No target in view!
n - a scroll labelled ECHOSTRUMIWY
There is a stone staircase leading down here.
You climb downwards.
Found 7 gold pieces.
There is a stone staircase leading up here.
Found 18 gold pieces.
You now have 129 gold pieces (gained 7).
You now have 147 gold pieces (gained 18).
Found a whip.
Found a pair of glowing gloves.
You see here a +0 whip.
You see here a +2 pair of gloves.
A goblin comes into view. It is wielding a +0 club.
The goblin shouts!
You hit the goblin but do no damage. The goblin barely misses you.
You hit the goblin.
The goblin is heavily wounded.
The goblin hits you but does no damage.
You hit the goblin.
You kill the goblin!
Things that are here:
a +0 club; a goblin corpse
Found a stone staircase leading down.
A gnoll comes into view. It is wielding a +0 club.
The gnoll shouts!
You hear a shout!
A gnoll is nearby!
There is a stone staircase leading down here.
You climb downwards.
There is a stone staircase leading up here.
You climb upwards.
There is a stone staircase leading down here.
You barely miss the gnoll. The gnoll misses you.
You hit the gnoll but do no damage. The gnoll closely misses you.
A gnoll comes into view. It is wielding a +0 spear.
The gnoll hits you with a +0 club.
The gnoll moves out of view.
You hit the gnoll but do no damage. The gnoll barely misses you.
You hit the gnoll.
The gnoll is heavily wounded.
The gnoll hits you with a +0 club!
You hit the gnoll.
The gnoll is severely wounded.
The gnoll hits you with a +0 club.
You barely miss the gnoll.
The gnoll is severely wounded.
The gnoll hits you but does no damage.
You hit the gnoll.
The gnoll is almost dead.
The gnoll hits you with a +0 club.
* * * LOW HITPOINT WARNING * * *
You are too injured to fight recklessly!
You are too injured to fight recklessly!
You are too injured to fight recklessly!
You are too injured to fight recklessly!
Cleave: a) +0 hand axe
Press: ? - help, Dir - move target, f - gnoll
Aim: a gnoll, wielding a +0 club (almost dead, haloed, about 18% to evade your +0 hand axe)
You barely miss the gnoll.
The gnoll is almost dead.
The gnoll barely misses you.
Cleave: a) +0 hand axe
Press: ? - help, Dir - move target, f/p - gnoll
Aim: a gnoll, wielding a +0 club (almost dead, haloed, about 18% to evade your +0 hand axe)
You hit the gnoll but do no damage.
The gnoll is almost dead.
The gnoll hits you with a +0 club.
* * * LOW HITPOINT WARNING * * *
Cleave: a) +0 hand axe
Press: ? - help, Dir - move target, f/p - gnoll
Aim: a gnoll, wielding a +0 club (almost dead, haloed, about 18% to evade your +0 hand axe)
You hit the gnoll.
You kill the gnoll!
Okay, then.
You climb downwards.
There is a stone staircase leading up here.
Found a book of Transmutation.
A gnoll comes into view. It is wielding a +0 whip.
Found a snail-covered altar of Cheibriados.
The gnoll shouts!
The teleport trap disappears.
The gnoll disappears!
The gnoll moves out of view.
Found a sparkling altar of Nemelex Xobeh.
Found a stone staircase leading up.
A gnoll sergeant comes into view. It is wielding a +2 spear of freezing.
A gnoll comes into view. It is wielding a +0 whip.
You see here a book of Transmutation.
You pick up a book of Transmutation and begin reading...
You add the spells Petrify and Irradiate to your library.
The gnoll sergeant shouts!
The gnoll shouts!
You hear a shout!
A gnoll comes into view.
It is wielding a +0 flail and quivering 2 throwing nets.
A gnoll comes into view.
It is wielding a +0 flail and quivering 2 throwing nets.
Found a sacrificial altar of Ru.
The gnoll shouts!
Found an ichor-stained ring mail.
The gnoll throws a throwing net.
The throwing net hits you.
You become entangled in the net!
You see here a throwing net.
You struggle against the net.
You struggle against the net.
You struggle against the net.
You struggle against the net.
The gnoll sergeant hits you from afar with a +2 spear of freezing.
* * * LOW HITPOINT WARNING * * *
The gnoll sergeant freezes you.
* * * LOW HITPOINT WARNING * * *
You rip the net and break free!
The gnoll throws a throwing net.
The throwing net hits you.
You become entangled in the net!
The gnoll sergeant hits you from afar with a +2 spear of freezing!
* * * LOW HITPOINT WARNING * * *
The gnoll sergeant freezes you.
* * * LOW HITPOINT WARNING * * *
Okay, then.
You struggle against the net.
The gnoll sergeant hits you from afar with a +2 spear of freezing!
You die...

##..._8... ....#
#.[..._... ....###
..........###......#
...................#
.................#
........g.......#
#.....g#......#
##.##.........#
#.<@gg#..#.###
#...####.#.###
.....#####.....#
......# ##......##
.....# #........#
..... #...#....##
.... #...##...###
#... ##.. ##....#
.... #.<..#


You could see a gnoll sergeant and 3 gnolls.

Vanquished Creatures
  A bombardier beetle (D:3)
  A gnoll (D:4)
  4 adders
  An orc (D:3)
  A ball python (D:3)
  3 endoplasms
  A giant cockroach (D:2)
  7 goblins
  2 hobgoblins
  4 jackals (D:3)
  A quokka (D:1)
  3 bats (D:3)
  A frilled lizard (D:1)
  3 kobolds
  A rat (D:1)
34 creatures vanquished.

Notes
Turn   | Place    | Note
-------+----------+-------------------------------------------
     0 | D:1      | jagoly the Gargoyle Monk began the quest for the Orb.
     0 | D:1      | Reached XP level 1. HP: 14/14 MP: 1/1
     3 | D:1      | Noticed an electric eel
     3 | D:1      | Noticed an electric eel
   151 | D:2      | Reached XP level 2. HP: 18/19 MP: 2/2
   271 | D:3      | Noticed a bombardier beetle
   287 | D:3      | Killed a bombardier beetle
   288 | D:3      | Reached skill level 1 in Armour
   288 | D:3      | Reached XP level 3. HP: 20/24 MP: 3/3
   401 | D:2      | Reached XP level 4. HP: 26/29 MP: 4/4
   458 | D:1      | You fall into a shaft and drop 1 floor!
   830 | D:5      | Entered Level 5 of the Dungeon
   852 | D:5      | Found a snail-covered altar of Cheibriados.
   853 | D:5      | Found a sparkling altar of Nemelex Xobeh.
   853 | D:5      | Noticed a gnoll sergeant
   855 | D:5      | Found a sacrificial altar of Ru.
   865 | D:5      | Slain by a gnoll sergeant

Illustrated notes

Levels and vault maps discovered:
D:1:      arrival_aquarium_b, layout_basic, nrook_mini_backslash,
          reono_crystal_passage, minmay_hexomino_p4
D:2:      layout_basic
D:3:      layout_basic, lemuel_tele_altar
D:4:      layout_loops_ring, hellmonk_overflow_destroyed_library, serial_shops,
          nicolae_shop_real_fake_doors, ebering_ghost_reflecting_pool,
          serial_park_tiny_1
D:5:      minmay_polygon_palace, layout_cave_pools,
          chequers_temple_overflow_statue_of_worship

Skill      XL: |  1  2 |
---------------+-------+-----
Axes           | 3 |  3.7
Armour         | 1 |  1.9
Fighting       | |  3.9
Dodging        | |  2.9

Action                     |  1- 3 |  4- 6 || total
---------------------------+-------+-------++-------
  Melee: Hand axe          |    57 |    55 ||   112
 Armour: Robe              |    29 |    33 ||    62
  Dodge: Dodged            |    53 |    34 ||    87
